 Dungeon Sprint DCSS version 0.22.1-1-ga44c0e56f4 (webtiles) character file.

2160 MuseOD the Unseen (level 9, -5/48 HPs)
             Began as a Spriggan Enchanter on Sept 24, 2018.
             Was a Priest of Dithmenos.
             Splashed by an oklob sapling's acid (12 damage)
             ... in the Dungeon (Sprint IV: "Fedhas' Mad Dash").
             The game lasted 00:04:23 (1140 turns).

MuseOD the Unseen (Spriggan Enchanter)              Turns: 1140, Time: 00:04:24

Health: -5/48      AC: -6    Str:  4    XL:     9   Next: 10%
Magic:  15/24      EV: 18    Int: 20    God:    Dithmenos [***...]
Gold:   168        SH:  0    Dex: 16    Spells: 22/28 levels left

rFire    . . .     SeeInvis +   a - +1 dagger
rCold    . . .     Gourm    .   (shield restricted)
rNeg     . . .     Faith    .   b - +0 robe
rPois    .         Spirit   .   (helmet restricted)
rElec    .         Reflect  .   (no cloak)
rCorr    .         Harm     .   (gloves unavailable)
MR       +....     NoTele   +   (boots unavailable)
Stlth    +++++++++.             c - amulet of invisibility {+Inv}
HPRegen  0.16/turn              (no ring)
MPRegen  0.19/turn              (no ring)

@: corroded, wreathed by umbra, very quick
A: very small, unfitting armour, see invisible, herbivore, speed 3, slow
metabolism 2
a: Shadow Step, Renounce Religion, Evoke Invisibility


You were in the Dungeon.
You worshipped Dithmenos.
Dithmenos was most pleased with you.
You were not hungry.

You visited 1 branch You collected 168 gold pieces.

Inventory:

Hand Weapons
 a - a +1 dagger (weapon)
Armour
 b - a +0 robe (worn)
Jewellery
 c - the amulet of invisibility (around neck) {+Inv}
   (You found it in the Dungeon)

   [amulet of nothing]

   It lets you turn invisible.
Wands
 e - a wand of disintegration (15)
Scrolls
 f - 2 scrolls of identify {unknown}
 k - a scroll of magic mapping {unknown}
Potions
 g - a potion of haste
 h - 2 potions of magic
 i - 2 potions of berserk rage
 j - a potion of degeneration {unknown}
Comestibles
 d - 2 rations


   Skills:
 - Level 6.1 Fighting
 - Level 11.4 Short Blades
 - Level 3.0 Dodging
 + Level 16.6 Stealth
 + Level 10.3 Spellcasting
 + Level 10.5 Hexes


You had 22 spell levels left.
You knew the following spells:

 Your Spells              Type           Power        Failure   Level  Hunger
a - Corona                Hex            ######.      1%          1    None
b - Ensorcelled Hibernat  Hex/Ice        ####..       1%          2    None
c - Confuse               Hex            ######..     1%          3    None

Your spell library contained the following spells:

 Spells                   Type           Power        Failure   Level  Hunger
 Tukima's Dance           Hex            ######..     1%          3    None
 Dazzling Spray           Conj/Hex       ####..       2%          3    None


Dungeon Overview and Level Annotations

Branches:
Dungeon (1/1)

Altars:
Cheibriados
Dithmenos
Elyvilon
Gozag
Hepliaklqana
Kikubaaqudgha
Makhleb
Nemelex Xobeh
Okawaru
Qazlal
Ru
Sif Muna
Trog
Uskayaw
Vehumet
Wu Jian
Xom
Yredelemnul
Zin
The Shining One
Beogh
Jiyva
Lugonu

Shops:
D **[%

Annotations:
D exclusions: oklob plant and oklob sapling


Innate Abilities, Weirdness & Mutations

You are very small and have problems with some larger weapons.
You are too small for most types of armour.
You have supernaturally acute eyesight. (SInv)
You are a herbivore.
You cover ground extremely quickly.
You need to consume almost no food.


Message History

Okay, then.
Aiming: Shadow Step
Press: ? - help, Dir - move target cursor, f - oklob plant
Aim: an oklob plant (resting, umbra)
You step into the oklob plant's shadow.
Your shadow no longer tangibly mimics your actions.
The oklob sapling spits acid at you. The splash of acid hits you!
The acid corrodes you!
You are splashed with acid!
The acid burns!
Casting: Confuse (safe; 1% risk of failure)
Confirm with . or Enter, or press ? or * to list all spells.
Aiming: Confuse (safe; 1% risk of failure)
Press: ? - help, Shift-Dir - straight line, f/p - oklob plant
Aim: an oklob plant (umbra, chance to defeat MR: 56%)
The oklob plant resists with significant effort.
The oklob sapling spits acid at you. The splash of acid hits you!
* * * LOW HITPOINT WARNING * * *
The acid corrodes you!
You are splashed with acid!
The acid burns!
You die...

#<..P#.....#.....#.⌠._._._._.⌠
#PP..'.....'.#.(.'.._._._._._.
#PPPP#.....#.#...#..._._._._..
###############'##.._._._._._.
#...♣........'...#._._._._._.⌠
#......♣.....#...#############
#.....♣..♣..######
##'####'######P}+
#..#....'....@.f#
#..#.|###....P..# #######
#########


You could see an oklob plant, a wandering mushroom and an oklob sapling.

Vanquished Creatures
  An oklob plant (D)
  A queen bee (D)
  3 burning bushes (D)
  2 wandering mushrooms (D)
  2 scorpions (D)
  3 killer bees (D)
  4 oklob saplings (D)
  A worker ant (D)
  2 spriggans (D)
  A river rat (D)
  A rat (D)
21 creatures vanquished.

Vanquished Creatures (collateral kills)
  A killer bee (D)
1 creature vanquished.

Grand Total: 22 creatures vanquished

Notes
Turn   | Place    | Note
-------+----------+-------------------------------------------
     0 | D        | MuseOD the Spriggan Enchanter began the quest for the Orb.
     0 | D        | Reached XP level 1. HP: 9/9 MP: 5/5
     8 | D        | Reached skill level 1 in Fighting
     8 | D        | Reached skill level 5 in Stealth
     8 | D        | Reached XP level 2. HP: 14/14 MP: 6/6
    18 | D        | Noticed an oklob sapling
    19 | D        | Killed an oklob sapling
    19 | D        | Reached skill level 6 in Stealth
    19 | D        | Reached XP level 3. HP: 19/19 MP: 8/8
    23 | D        | Learned a level 2 spell: Ensorcelled Hibernation
    27 | D        | Learned a level 3 spell: Confuse
    29 | D        | Found the amulet of invisibility {+Inv}
    30 | D        | Reached skill level 5 in Short Blades
    30 | D        | Reached skill level 7 in Stealth
    46 | D        | Noticed an oklob sapling
    49 | D        | Killed an oklob sapling
    49 | D        | Reached XP level 4. HP: 24/24 MP: 9/9
    60 | D        | Found an opulent altar of Gozag.
    60 | D        | Found a hazy altar of Hepliaklqana.
    60 | D        | Found a roughly hewn altar of Beogh.
    60 | D        | Found a snail-covered altar of Cheibriados.
    61 | D        | Found a viscous altar of Jiyva.
    61 | D        | Found a burning altar of Makhleb.
    61 | D        | Found a sparkling altar of Nemelex Xobeh.
    61 | D        | Found a sacrificial altar of Ru.
    61 | D        | Found a deep blue altar of Sif Muna.
    61 | D        | Found a bloodstained altar of Trog.
    61 | D        | Found an ornate altar of the Wu Jian Council.
    61 | D        | Found a shimmering altar of Xom.
    61 | D        | Found a basalt altar of Yredelemnul.
    62 | D        | Found an iron altar of Okawaru.
    62 | D        | Found a glowing silver altar of Zin.
    62 | D        | Found a shadowy altar of Dithmenos.
    63 | D        | Found a hide-covered altar of Uskayaw.
    63 | D        | Found an ancient bone altar of Kikubaaqudgha.
    64 | D        | Found a stormy altar of Qazlal.
    64 | D        | Found a glowing golden altar of the Shining One.
    64 | D        | Found a white marble altar of Elyvilon.
    65 | D        | Found a radiant altar of Vehumet.
    65 | D        | Found a corrupted altar of Lugonu.
    68 | D        | Reached skill level 8 in Stealth
    71 | D        | Became a worshipper of Dithmenos the Shadowed
   169 | D        | Noticed a queen bee
   180 | D        | Reached skill level 9 in Stealth
   180 | D        | Reached XP level 5. HP: 19/30 MP: 8/10
   516 | D        | Reached skill level 10 in Stealth
   519 | D        | Killed a queen bee
   519 | D        | Reached * piety under Dithmenos
   519 | D        | Reached skill level 11 in Stealth
   519 | D        | Reached XP level 6. HP: 36/36 MP: 8/11
   541 | D        | Reached skill level 12 in Stealth
   541 | D        | Reached XP level 7. HP: 30/40 MP: 8/12
   686 | D        | Noticed an oklob plant
   698 | D        | Killed an oklob plant
   698 | D        | Reached skill level 13 in Stealth
   757 | D        | Noticed a burning bush
   766 | D        | Killed a burning bush
   766 | D        | Reached ** piety under Dithmenos
   766 | D        | Reached skill level 14 in Stealth
   766 | D        | Reached XP level 8. HP: 44/44 MP: 14/20
   970 | D        | Reached *** piety under Dithmenos
   976 | D        | Found Hanko's Assorted Antiques.
   977 | D        | Found Yris's Assorted Antiques.
   988 | D        | Noticed a burning bush
   988 | D        | Noticed a wandering mushroom
   991 | D        | Noticed a wandering mushroom
   994 | D        | Killed a wandering mushroom
   994 | D        | Reached skill level 15 in Stealth
  1005 | D        | Killed a burning bush
  1016 | D        | Killed a wandering mushroom
  1016 | D        | Reached skill level 16 in Stealth
  1016 | D        | Reached skill level 10 in Hexes
  1022 | D        | Found Cayd's Antique Armour Shoppe.
  1023 | D        | Found Atonn's Food Emporium.
  1135 | D        | Noticed a burning bush
  1135 | D        | Noticed an oklob plant
  1136 | D        | Noticed a wandering mushroom
  1137 | D        | Killed a burning bush
  1137 | D        | Reached **** piety under Dithmenos
  1137 | D        | Reached skill level 10 in Spellcasting
  1137 | D        | Reached XP level 9. HP: 48/48 MP: 22/24
  1140 | D        | Splashed by an oklob sapling's acid

Skill      XL: |  1  2  3  4  5  6  7  8 |
---------------+-------------------------+-----
Fighting       | 1 2 3 4 6 |  6.1
Short Blades   | 3 4 6 8 11 | 11.4
Stealth        | 5 6 7 9 11 12 14 16 | 16.6
Spellcasting   | 7 10 | 10.3
Hexes          | 7 10 | 10.5
Dodging        | |  3.0

Action                   |  1- 3 |  4- 6 |  7- 9 || total
-------------------------+-------+-------+-------++-------
Melee: Dagger            |     5 |    30 |    35 ||    70
 Cast: Confuse           |       |     3 |    15 ||    18
       Ensorcelled Hiber |       |     1 |     1 ||     2
Invok: Shadow Step       |       |       |     1 ||     1
 Abil: Evoke Invisibilit |       |     3 |       ||     3
  Use: Potion            |       |     2 |       ||     2
       Scroll            |       |     1 |       ||     1
 Stab: Sleeping          |     5 |     2 |     4 ||    11
       Invisible         |       |     5 |       ||     5
       Confused          |       |       |     9 ||     9
Dodge: Dodged            |       |    50 |     7 ||    57
